 Dungeon Crawl Stone Soup version 0.23.2-30-g0e89c35649 (webtiles) character file.

Game seed: 3927212480728855980

351 Kahibar the Conjurer (level 6, 0/46 HPs)
             Began as a Draconian Conjurer on June 24, 2019.
             Slain by Edmund
             ... wielding a +5 flail of protection
              (12 damage)
             ... on level 4 of the Dungeon.
             The game lasted 00:39:58 (5279 turns).

Kahibar the Conjurer (Draconian Conjurer)           Turns: 5279, Time: 00:39:59

Health: 0/46       AC:  6    Str: 11    XL:     6   Next: 34%
Magic:  1/11       EV: 12    Int: 17    God:
Gold:   100        SH:  0    Dex: 11    Spells: 11/12 levels left

rFire    . . .     SeeInvis .   v - +4 short sword
rCold    . . .     Gourm    .   (no shield)
rNeg     . . .     Faith    .   (armour unavailable)
rPois    .         Spirit   .   (helmet restricted)
rElec    .         Reflect  .   (no cloak)
rCorr    .         Harm     .   (no gloves)
MR       .....                  (no boots)
Stlth    ++........             (no amulet)
HPRegen  0.15/turn              (no ring)
MPRegen  0.12/turn              (no ring)

@: no status effects
A: unfitting armour, cold-blooded, AC +6
a: no special abilities


You were on level 4 of the Dungeon.
You were not hungry.

You visited 1 branch of the dungeon, and saw 4 of its levels.

You collected 100 gold pieces.

Inventory:

Hand Weapons
 c - a +1 short sword of holy wrath
 l - a +0 mace
 p - a +0 spear
 v - a +4 short sword (weapon)
Missiles
 e - 54 arrows
 f - 6 sling bullets
 j - 126 stones (quivered)
 s - 5 tomahawks
Armour
 o - a +0 shield
Scrolls
 a - 3 scrolls of identify
 g - a scroll of amnesia
 k - a scroll of remove curse
 m - a scroll of random uselessness {unknown}
 q - a scroll of fog {unknown}
 u - a scroll of teleportation {unknown}
Potions
 d - a potion of mutation {unknown}
 i - a potion of heal wounds
 n - a potion of curing {unknown}
 r - 2 potions of haste
Comestibles
 b - 11 rations
 h - 6 chunks of flesh


   Skills:
 + Level 0.9 Fighting
 + Level 2.2 Short Blades
 + Level 2.4 Dodging
 + Level 2.5 Stealth
 + Level 3.9 Spellcasting
 + Level 5.4 Conjurations


You had 11 spell levels left.
You knew the following spells:

 Your Spells              Type           Power        Failure   Level  Hunger
a - Magic Dart            Conj           ###.         1%          1    None

Your spell library contained the following spells:

 Spells                   Type           Power        Failure   Level  Hunger
 Searing Ray              Conj           ###...       2%          2    ##.....
 Dazzling Spray           Conj/Hex       ##....       16%         3    ###....
 Iskenderun's Mystic Bla  Conj           ###.....     17%         4    ####...
 Force Lance              Conj/Tloc      ##......     45%         4    ####...
 Fulminant Prism          Conj/Hex       ##........   45%         4    ####...


Dungeon Overview and Level Annotations

Branches:
Dungeon (4/15)
 Temple: D:4-7

Altars:
Cheibriados
Qazlal
Wu Jian

Annotations:
D:4 Blork the orc, Edmund


Innate Abilities, Weirdness & Mutations

Your plain brown scales are hard. (AC +6)
You cannot fit into any form of body armour.
You are cold-blooded and may be slowed by cold attacks.


Message History

Edmund misses you.
You hit Edmund but do no damage.
Edmund is heavily wounded.
Edmund hits you with a +5 flail of protection.
You hit Edmund but do no damage.
Edmund is heavily wounded.
You barely miss Edmund.
Edmund is heavily wounded.
Edmund completely misses you.
You puncture Edmund!
Your tail-slap misses Edmund.
Edmund is severely wounded.
Edmund hits you with a +5 flail of protection.
You barely miss Edmund.
Edmund is severely wounded.
Edmund hits you with a +5 flail of protection!
* * * LOW HITPOINT WARNING * * *
You hit Edmund. You tail-slap Edmund.
Edmund is severely wounded.
Edmund hits you with a +5 flail of protection!
You die...

#. #.# #.#.# ..
..# #.#.# #.#
#### #.#.# #.
#.#.# #. #.#.#
#. ^#.# #.#
##### #.###...#
#.@@..#
($.....####...#
####... ....#
#... ###..#
###. ..# #. ..#
#. ..# #. ..#


You could see Edmund.

Vanquished Creatures
  A hound (D:4)
  Natasha (thrice) (D:3)
  An orc wizard (D:3)
  Robin (D:3)
  4 gnolls (D:2)
  7 adders (D:3)
  An ooze (D:2)
  A worm (D:2)
  2 dart slugs (D:1)
  3 orcs
  7 bats
  5 giant cockroaches
  12 hobgoblins
  3 jackals (D:1)
  2 quokkas
  3 ball pythons
  7 frilled lizards
  20 goblins
  12 kobolds
  8 rats
103 creatures vanquished.

Notes
Turn   | Place    | Note
-------+----------+-------------------------------------------
     0 | D:1      | Kahibar the Draconian Conjurer began the quest for the Orb.
     0 | D:1      | Reached XP level 1. HP: 14/14 MP: 3/3
   408 | D:1      | Reached XP level 2. HP: 13/20 MP: 0/5
   415 | D:1      | Reached skill level 1 in Short Blades
   986 | D:1      | Reached XP level 3. HP: 26/26 MP: 0/6
  1579 | D:2      | Found a stormy altar of Qazlal.
  2429 | D:2      | Reached XP level 4. HP: 28/34 MP: 7/7
  3328 | D:3      | Reached skill level 5 in Conjurations
  3328 | D:3      | Reached XP level 5. HP: 39/39 MP: 2/9
  3339 | D:3      | Found a snail-covered altar of Cheibriados.
  3399 | D:3      | Noticed Natasha
  3408 | D:3      | Killed Natasha
  3999 | D:3      | Noticed Natasha
  4137 | D:3      | Killed Natasha
  4228 | D:3      | Noticed Natasha
  4252 | D:3      | Killed Natasha
  4252 | D:3      | Reached XP level 6. HP: 40/46 MP: 1/11
  4742 | D:3      | Found an ornate altar of the Wu Jian Council.
  4892 | D:4      | Noticed Robin
  4930 | D:3      | Killed Robin
  5130 | D:4      | Noticed Blork the orc
  5257 | D:4      | Noticed Edmund
  5279 | D:4      | Slain by Edmund

Skill      XL: |  1  2  3  4  5 |
---------------+----------------+-----
Short Blades   | 1 2 |  2.2
Stealth        | 2 |  2.5
Spellcasting   | 3 |  3.9
Conjurations   | 5 |  5.4
Dodging        | 2 |  2.4
Fighting       | |  0.9

Action                   |  1- 3 |  4- 6 || total
-------------------------+-------+-------++-------
Melee: Short sword       |    25 |    26 ||    51
       Tailslap          |     5 |     7 ||    12
       Unarmed           |     1 |       ||     1
       Dagger            |    36 |    35 ||    71
 Cast: Magic Dart        |    89 |   148 ||   237
  Use: Scroll            |       |     4 ||     4
       Potion            |       |     1 ||     1
  Eat: Chunk             |     6 |     9 ||    15
Armor: Skin              |    23 |    41 ||    64
Dodge: Dodged            |    58 |    70 ||   128
